 Dungeon Crawl Stone Soup version 0.27.0-1-g7a089689b8 (webtiles) character file.

Game seed: 6384226881003965221

651 shadowrider38 the Cleaver (level 7, -2/85 HPs)
             Began as a Minotaur Berserker on Aug 4, 2021.
             Was an Elder of Trog.
             Slain by a killer bee (4 damage)
             ... on level 5 of the Dungeon.
             The game lasted 00:07:39 (4723 turns).

shadowrider38 the Cleaver (Minotaur Berserker)      Turns: 4723, Time: 00:07:41

Health: -2/85      AC:  9    Str: 24    XL:     7   Next: 28%
Magic:  6/6        EV:  3    Int:  4    God:    Trog [****..]
Gold:   151        SH: 12    Dex:  9    Spells: 6/6 levels left

rFire    . . .     SeeInvis .   a - +0 hand axe
rCold    . . .     Faith    .   t - +0 tower shield
rNeg     . . .     Spirit   .   r - +0 chain mail
rPois    .         Reflect  .   (helmet restricted)
rElec    .         Harm     .   (no cloak)
rCorr    .         Rampage  .   (no gloves)
Will     .....                  i - +0 pair of boots
Stlth    ..........             (no amulet)
HPRegen  0.24/turn              (no ring)
MPRegen  0.10/turn              (no ring)

@: berserking (expiring), lethally poisoned (-2 -> -13), very quick
A: horns 2, retaliatory headbutt
a: Renounce Religion, Berserk, Trog's Hand, Brothers in Arms


You were on level 5 of the Dungeon.
You worshipped Trog.
Trog was greatly pleased with you.
You visited 1 branch of the dungeon, and saw 5 of its levels.

You collected 151 gold pieces.

Inventory:

Hand Weapons
 a - a +0 hand axe (weapon)
Armour
 i - a +0 pair of boots (worn)
 r - a +0 chain mail (worn)
 t - a +0 tower shield (worn)
Scrolls
 c - 4 scrolls of identify {unknown}
 e - a scroll of silence {unknown}
 f - 2 scrolls of amnesia {unknown}
 g - a scroll of acquirement {unknown}
 h - a scroll of teleportation {unknown}
 l - 3 scrolls of fear {unknown}
 m - a scroll of vulnerability {unknown}
 p - a scroll of enchant weapon {unknown}
 q - a scroll of blinking {unknown}
Potions
 b - 2 potions of resistance {unknown}
 d - a potion of attraction {unknown}
 j - 2 potions of ambrosia {unknown}
 k - a potion of might {unknown}
 n - a potion of degeneration {unknown}
 o - 2 potions of curing {unknown}
 s - 2 potions of magic {unknown}


   Skills:
 - Level 3.6 Fighting
 + Level 10.1 Axes
 - Level 2.4 Armour
 - Level 2.1 Dodging
 + Level 0.4 Shields


You had 6 spell levels left.
You didn't know any spells.
Your spell library was empty.

Dungeon Overview and Level Annotations

Branches:
Dungeon (5/15)
 Temple: D:4-7

Altars:
Hepliaklqana
Qazlal
Xom


Innate Abilities, Weirdness & Mutations

You have a pair of horns on your head.
You reflexively headbutt those who attack you in melee.


Message History

The killer bee stings you but does no damage.
You block the killer bee's attack.
The killer bee stings you but does no damage.
You closely miss the killer bee. Your headbutt misses the killer bee.
You barely miss the killer bee. You closely miss the killer bee.
You feel very sick.
You block the killer bee's attack. x3; The killer bee barely misses you.
You furiously retaliate!
You headbutt the killer bee!!
You kill the killer bee!
Trog accepts your kill. The killer bee stings you! The killer bee stings you.
* * * LOW HITPOINT WARNING * * *
You are more poisoned.
The killer bee poisons you!
You hit the killer bee.
The killer bee is heavily wounded.
You barely miss the killer bee.
* * * LOW HITPOINT WARNING * * *
You feel very sick. The killer bee stings you.
* * * LOW HITPOINT WARNING * * *
The killer bee stings you but does no damage.
You block the killer bee's attack. The killer bee stings you.
* * * LOW HITPOINT WARNING * * *
You are too berserk!
You barely miss the killer bee.
The killer bee is heavily wounded.
Your shield prevents you from hitting the killer bee.
* * * LOW HITPOINT WARNING * * *
You feel very sick. The killer bee completely misses you.
The killer bee stings you.
* * * LOW HITPOINT WARNING * * *
You slash the killer bee!
You kill the killer bee!
Trog accepts your kill.
You miss the killer bee.
* * * LOW HITPOINT WARNING * * *
You feel very sick. You block the killer bee's attack.
The killer bee stings you.
You die...

.≈.≈..≈ .. ..≈≈≈.. ..
...≈≈..#.#####
...≈......... ....##
#.≈≈.≈#....# #....#
#.≈≈.......# #.....
#.≈≈...y...# #.....
#..@...# #..... #...(..#
#..... #......#
#####..... .########(.#
#......... ...........#
#.#####.#<
....#####..####.#####.#†
# #......##≈≈.≈≈##..#.
#.##..#.≈≈≈≈≈≈#.....
......≈≈≈)≈≈≈≈≈≈≈...


You could see a killer bee.

Vanquished Creatures
  A water moccasin zombie (D:5)
  3 killer bees (D:5)
  A centaur zombie (D:5)
  A gnoll shaman (D:2)
  Jessica (D:2)
  2 iguanas
  Natasha (thrice) (D:2)
  A hound skeleton (D:5)
  A hound zombie (D:5)
  Robin (D:1)
  9 gnolls
  4 adders
  11 dart slugs
  6 orcs
  7 bats
  9 endoplasms
  3 giant cockroaches
  11 hobgoblins
  7 jackals
  4 kobolds
  10 ball pythons
  2 frilled lizards
  15 goblins
  6 rats
119 creatures vanquished.

Notes
Turn   | Place    | Note
-------+----------+-------------------------------------------
     0 | D:1      | shadowrider38 the Minotaur Berserker began the quest for
                  | the Orb.
     0 | D:1      | Reached XP level 1. HP: 19/19 MP: 0/0
     9 | D:1      | Reached skill level 4 in Axes
    79 | D:1      | Reached XP level 2. HP: 24/26 MP: 1/1
   222 | D:1      | Reached ** piety under Trog
   607 | D:2      | Reached skill level 5 in Axes
   648 | D:2      | Reached XP level 3. HP: 31/31 MP: 2/2
   789 | D:2      | Reached skill level 6 in Axes
   789 | D:2      | Reached XP level 4. HP: 39/39 MP: 3/3
  1640 | D:2      | Noticed Robin
  1769 | D:1      | Reached XP level 5. HP: 45/45 MP: 4/4
  1769 | D:1      | Killed Robin
  1770 | D:1      | Reached skill level 7 in Axes
  2066 | D:2      | Noticed Natasha
  2077 | D:2      | Killed Natasha
  2308 | D:2      | Noticed Jessica
  2317 | D:2      | Killed Jessica
  2317 | D:2      | Reached *** piety under Trog
  2340 | D:2      | Noticed Natasha
  2476 | D:2      | Killed Natasha
  2545 | D:2      | Noticed Natasha
  2554 | D:2      | Killed Natasha
  2555 | D:2      | Reached skill level 8 in Axes
  2721 | D:3      | Found a stormy altar of Qazlal.
  2727 | D:3      | Found a shimmering altar of Xom.
  2753 | D:3      | Reached XP level 6. HP: 48/51 MP: 5/5
  2818 | D:3      | Found a faded altar of an unknown god.
  3847 | D:4      | Reached skill level 9 in Axes
  3933 | D:4      | Found a hazy altar of Hepliaklqana.
  4412 | D:5      | Entered Level 5 of the Dungeon
  4471 | D:5      | Reached XP level 7. HP: 57/57 MP: 6/6
  4565 | D:5      | Reached **** piety under Trog
  4717 | D:5      | Reached skill level 10 in Axes
  4722 | D:5      | HP: 4/85 [killer bee (6)]
  4723 | D:5      | Slain by a killer bee

Illustrated notes

Levels and vault maps discovered:
D:1:      minmay_arrival_glassed_features, layout_rooms
D:2:      layout_rooms, uniq_robin, uniq_natasha, uniq_jessica
D:3:      layout_rooms, mainiacjoe_overflow_catwalk_spiral,
          chequers_ecumenical_altar_simple, serial_park_tiny_1
D:4:      layout_loops_cross, lemuel_doored_altar
D:5:      kennysheep_slugbush, layout_basic, amcnicky_altar_gilded,
          okawaru_metal_pillars_1_2, serial_rivers,
          chequers_serial_rivers_marsh, chequers_serial_rivers_small_a,
          chequers_serial_rivers_micro_b, chequers_serial_rivers_small_3,
          chequers_serial_rivers_small_a

Skill      XL: |  1  2  3  4  5  6  7 |
---------------+----------------------+-----
Axes           | 4 5 6 8 9 10 | 10.1
Fighting       | |  3.6
Armour         | |  2.4
Dodging        | |  2.1
Shields        | |  0.4

Action                   |  1- 3 |  4- 6 |  7- 9 || total
-------------------------+-------+-------+-------++-------
Melee: Hand axe          |    51 |   166 |    43 ||   260
       Headbutt          |     5 |    24 |     6 ||    35
Invok: Berserk           |     1 |     6 |     1 ||     8
 Stab: Sleeping          |     1 |       |       ||     1
Armor: Animal skin       |    19 |    15 |       ||    34
       Scale mail        |       |    24 |       ||    24
       Chain mail        |       |    39 |    38 ||    77
Dodge: Dodged            |    39 |    91 |    20 ||   150
Block: Tower shield      |       |       |    18 ||    18
